cohdb
Replays
Latest Replays
All Replays
Popular Replays
Top Player Replays
Match Explorer
How It Works
Community
CoH3 Stats
Reddit
Sign in to upload your games and track your stats! →
Sign in with Steam
Match 42747520
Unlisted
Match 42747520
Overview
Messages
Build Orders
End
Construct Infanterie Kompanie
MG 42 Machine Gun Team
Selects Terror Battlegroup
Grenadier Squad
Selects Machine Gun Camouflage
MG 42 Machine Gun Team
Grenadier Squad
Infanterie Officer Quarters
Construct Panzergrenadier Kompanie
251 Medium Carrier
Panzergrenadier Squad
Selects Defend the Fatherland
MG 42 Machine Gun Team
Pak 40 Anti-tank Gun Team
MG 42 Machine Gun Team
Medical Station
Defend the Fatherland
Construct Panzer Kompanie
Support Elements
Grenadier Squad
Nebelwerfer 42 Rocket Launcher Team
Construct Panzer Kompanie
Sturmpanzer IV Brummbär
Side Skirts
Pioneer Squad
Sturmpanzer IV Brummbär
Selects King Tiger Heavy Tank
King Tiger Heavy Tank
Pioneer Squad
Selects Contempt for the Weak
Medical Bunker
251 Medium Carrier
Selects Propaganda Leaflet Drop
Propaganda Leaflet Drop
Stoßtruppen Squad
gghhhjjkkll
LA.ANNO.MCMXCIV.
伊蕾娜
Chris P. Bacon
TEXAS YEE
Bia Bia Bia
.k boy
18918848
0
0
Comments
sign in to comment!
No comments posted yet!